 Dungeon Crawl Stone Soup version 0.18.1-48-g4cf74bf (webtiles) character file.

247902 nikopol the Phalangite (level 19, -9/174 HPs)
             Began as a Minotaur Berserker on July 12, 2016.
             Was the Champion of Trog.
             Mangled by a cacodemon (10 damage)
             ... summoned by a deep elf demonologist
             ... on level 3 of the Elven Halls.
             The game lasted 02:18:02 (39499 turns).

nikopol the Phalangite (Minotaur Berserker)        Turns: 39499, Time: 02:18:02

Health: -9/174     AC: 33    Str: 24    XL:     19   Next: 23%
Magic:  9/9        EV: 15    Int:  4    God:    Trog [******]
Gold:   3016       SH:  2    Dex: 12    Spells: 0 memorised, 18 levels left

rFire  + . .     SeeInvis +     x - +5 bardiche (antimagic)
rCold  + + .     Gourm    +     F - +0 chain mail of Ru's Scorn {rPois rF+ rC++ Str-2}
rNeg   . . .     Faith    .     (shield currently unavailable)
rPois  +         Spirit   .     B - +2 hat {MR+}
rElec  .         Dismiss  .     d - +2 cloak {+Inv}
rCorr  .         Reflect  .     E - +2 pair of gloves {Str+3}
SustAt .         Harm     .     X - +2 pair of boots
MR     ++++.                    N - amulet of the gourmand
Stlth  ..........               P - ring "Otisag" {+Fly MR++ MP+9 Dex-5 SInv}
                                e - +6 ring of slaying

@: about to teleport, incredibly resistant to hostile enchantments, extremely
unstealthy
A: retaliatory headbutt, horns 2, iridescent scales 1, large bone plates 1
a: Berserk, Trog's Hand, Brothers in Arms, Burn Spellbooks, Renounce Religion,
Evoke Invisibility, Evoke Flight
}: 1/15 runes: serpentine


You were on level 3 of the Elven Halls.
You worshipped Trog.
Trog was exalted by your worship.
You were completely stuffed.

You visited 5 branches of the dungeon, and saw 32 of its levels.
You visited 1 bazaar.
You also visited: Labyrinth, Sewer, Bailey and Ice Cave.

You collected 4151 gold pieces.
You spent 1135 gold pieces at shops.

Inventory:

Hand Weapons
 c - a +6 longbow of freezing
 x - a +5 antimagic bardiche (weapon)
 W - a +5 glaive of freezing
Missiles
 p - 1252 arrows (quivered)
Armour
 d - a +2 cloak of invisibility (worn)
 B - a +2 hat of magic resistance (worn)
 E - a +2 pair of gloves of strength (worn)
 F - the +0 chain mail of Ru's Scorn (worn) {rPois rF+ rC++ Str-2}
   (You bought it in a shop on level 2 of the Orcish Mines)

   It affects your strength (-2).
   It protects you from fire.
   It greatly protects you from cold.
   It protects you from poison.
 X - a +2 pair of boots (worn)
Jewellery
 e - a +6 ring of slaying (left hand)
 o - an uncursed ring of protection from magic
 t - an uncursed ring of protection from fire
 w - an uncursed ring of positive energy {unknown}
 N - an amulet of the gourmand (around neck)
 P - the ring "Otisag" (right hand) {+Fly MR++ MP+9 Dex-5 SInv}
   (You found it in a labyrinth)

   [ring of flight]

   It affects your dexterity (-5).
   It affects your resistance to hostile enchantments.
   It affects your magic capacity (+9).
   It lets you see invisible.
   It lets you fly.
Wands
 J - a wand of hasting (4/9)
 M - a wand of disintegration (12/24)
 V - a wand of digging (24/24)
Scrolls
 a - 3 scrolls of fear
 i - 13 scrolls of remove curse
 l - 2 scrolls of magic mapping
 n - 8 scrolls of recharging
 q - 5 scrolls of identify
 y - 10 scrolls of teleportation
 D - 2 scrolls of blinking
 H - a scroll of fog
Potions
 b - 2 potions of invisibility
 f - 9 potions of flight
 g - 5 potions of berserk rage
 h - 13 potions of heal wounds
 s - 17 potions of curing
 u - 7 potions of agility
 A - 7 potions of brilliance
 C - 5 potions of might
 G - 4 potions of cancellation
 K - 2 potions of ambrosia
 L - 4 potions of resistance
 O - 2 potions of cure mutation
 S - 5 potions of haste
Books
 R - a book of Debilitation

   Spells                             Type                      Level
   a - Corona                         Hexes                        1
   b - Slow                           Hexes                        2
   c - Gell's Gravitas                Hexes/Translocation          3
   d - Inner Flame                    Hexes/Fire                   3
   e - Cause Fear                     Hexes                        4
   f - Leda's Liquefaction            Hexes/Earth                  4
   Trog disapproves of the use of such an item.
Miscellaneous
 m - a disc of storms
 r - a box of beasts
 Q - a phial of floods
Comestibles
 j - 5 royal jellies
 k - 2 slices of pizza
 v - 17 meat rations
 z - 5 beef jerkies
 I - 19 bread rations
 T - 23 fruits
 U - 2 chunks of flesh


   Skills:
 + Level 16.5 Fighting
 * Level 21.4 Polearms
 * Level 18.2 Bows
 + Level 16.5 Armour
 + Level 15.2 Dodging


You had 18 spell levels left.
You didn't know any spells.

Dungeon Overview and Level Annotations

Branches:
Dungeon (15/15)            Temple (0/1) D:7            Lair (8/8) D:8
 Shoals (0/4) Lair:6        Snake (4/4) Lair:6        Slime (0/6) Lair:6
    Orc (2/2) D:9             Elf (3/3) Orc:2        Vaults (0/5) D:14
 Depths (0/5) D:15

Altars:
Cheibriados
Elyvilon
Fedhas
Kikubaaqudgha
Makhleb
Nemelex Xobeh
Okawaru
Pakellas
Qazlal
Ru
Sif Muna
Trog
The Shining One

Shops:
D:4 *   D:8 *   Orc:2 ::=[   Elf:1 %   Snake:1 *

Portals:
Hell: Lair:8


Innate Abilities, Weirdness & Mutations

You reflexively headbutt those who attack you in melee.
You have a pair of horns on your head.
You are partially covered in iridescent scales (AC +4).
You are partially covered in large bone plates (AC +2, SH +2).


Message History

The deep elf blademaster is severely wounded.
The orb of electricity engulfs the earth elemental.
The earth elemental completely resists.
The orb of electricity engulfs the cacodemon.
The cacodemon resists.
The cacodemon is lightly wounded.
The orb of electricity engulfs the deep elf elementalist.
The deep elf elementalist is lightly wounded.
The orb of electricity engulfs the earth elemental.
The earth elemental appears unharmed.
The earth elemental is moderately damaged.
The orb of electricity engulfs the earth elemental.
The earth elemental completely resists.
You hear a shout! x2
The deep elf elementalist hits you with a dagger.
* * * LOW HITPOINT WARNING * * *
The deep elf blademaster closely misses you.
The deep elf blademaster hits you but does no damage.
The cacodemon misses you. The cacodemon hits you!
You die...

##.(.# #...2# #E...# #.e3.#
#Ee31 #Ee## ### ##### ##
#E## ##.. ##....##E#2.#
##... ##.......E@eE# #....
##.......#EEe## #....
#.........##############....
#...?♣....'............'....
#.........################..
##.......'## ##'#'
##.....##.## ##.##.
##....###.## ##.###. ####'#
##.## ### ##.## #.


You could see a Tzitzimitl, a deep elf blademaster, a cacodemon, a reaper, a
deep elf elementalist, 2 deep elf demonologists, a deep elf high priest, 7 earth
elementals and 2 neqoxecs.

Vanquished Creatures
  A deep elf blademaster (Elf:2)
  Kirke (D:12)
  Gastronok (D:10)
  13 greater nagas
  Louise (Snake:4)
  A frost giant (IceCv)
  Maud (D:10)
  A dire elephant (Lair:8)
  A deep elf annihilator (Elf:1)
  Azrael (D:12)
  2 deep elf demonologists
  Snorg (D:14)
  The ghost of junkhipster the Blocker, a journeyman GrFi of Cheibriados (D:12)
  A minotaur (Lab)
  3 vault guards (D:14)
  A mummy priest (Elf:1)
  Harold (Lair:4)
  2 rakshasas (D:15)
  Fannar (D:12)
  10 hydras
  Erolcha (D:10)
  19 naga warriors
  9 anacondas
  A catoblepas (D:13)
  An ogre mage (D:15)
  18 dancing weapons
  A death knight (D:15)
  5 centaur warriors
  2 vampire magi (Elf:1)
  20 death yaks
  7 shock serpents
  12 naga sharpshooters
  8 orc high priests
  A sun demon (Lair:8)
  Sonja (Lair:1)
  21 deep elf knights
  4 skeletal warriors
  2 salamander mystics (Snake:2)
  3 hill giants
  2 unseen horrors (D:10)
  15 naga ritualists
  13 deep elf archers
  Pikel (D:4)
  10 mana vipers
  A wizard (Lair:8)
  8 orc knights
  5 necromancers (D:14)
  56 deep elf magi
  7 ugly things
  A griffon (Lair:6)
  8 salamanders
  A manticore (Lair:6)
  An orc sorcerer (Orc:1)
  44 black mambas
  A sixfirhy (Lair:8)
  An ice statue (IceCv)
  A cyclops (D:10)
  7 elephants
  2 centaur zombies
  38 naga magi
  A smoke demon (Lair:8)
  6 guardian serpents
  7 spiny frogs
  4 orange demons (Lair:8)
  A torpor snail (Lair:6)
  2 kobold demonologists (Elf:1)
  11 komodo dragons
  8 rime drakes
  A red devil (Lair:8)
  5 ice devils (Lair:8)
  19 polar bears
  12 trolls
  A troll (shapeshifter) (D:15)
  3 two-headed ogres
  A boulder beetle (Lair:8)
  8 slime creatures
  18 blink frogs
  A blink frog (shapeshifter) (D:15)
  8 redbacks (Snake:2)
  3 air elementals
  4 shadows
  A yak (shapeshifter) (D:15)
  A wraith (D:13)
  A spriggan (D:9)
  2 wyverns
  A vampire (D:13)
  2 hogs (D:12)
  A redback (shapeshifter) (Elf:1)
  A water elemental (Elf:1)
  Grum (Lair:1)
  2 steam dragons
  4 fire elementals
  40 yaks
  2 hungry ghosts
  12 hippogriffs
  A basilisk (shapeshifter) (D:15)
  3 basilisks
  17 humans (D:14)
  A soldier ant (D:13)
  2 wargs
  2 mottled dragons (D:15)
  58 nagas
  A hell hound (D:12)
  8 water moccasins
  9 porcupines
  2 phantoms
  2 black bears
  46 orc warriors
  5 ice beasts
  7 sky beasts
  A slave (D:4)
  2 eyes of draining
  A necrophage (D:11)
  9 centaurs
  7 boggarts
  30 wolves
  11 ogres
  18 crocodiles
  3 big kobolds
  18 giant frogs
  2 earth elementals
  A wyvern zombie (D:8)
  3 water moccasin zombies
  A wyvern skeleton (D:12)
  4 scorpions
  11 killer bees
  9 wights
  4 electric eels
  7 howler monkeys
  7 crimson imps
  A giant frog zombie (D:6)
  2 hounds
  2 quasits
  23 orc priests
  4 jellies
  A gnoll shaman (D:5)
  2 giant frog skeletons
  12 iguanas
  12 worker ants
  21 orc wizards
  15 sheep
  2 worker ant zombies
  10 gnolls
  13 adders
  67 river rats
  2 shadow imps
  12 white imps (Orc:2)
  2 oozes
  An adder skeleton (D:6)
  2 worms
  3 dart slugs
  6 giant geckos
  99 orcs
  9 giant cockroaches
  14 goblins
  15 hobgoblins
  10 jackals
  35 kobolds
  7 quokkas
  6 ball pythons
  5 bats
  A giant cockroach zombie (D:6)
  5 giant newts
  A jackal skeleton (D:6)
  23 rats
  3 fungi
1360 creatures vanquished.

Vanquished Creatures (collateral kills)
  A dancing weapon (Elf:2)
1 creature vanquished.

Vanquished Creatures (others)
  A human (D:12)
  2 boggarts (D:15)
  2 wolves (IceCv)
  An orc priest (D:12)
  2 orcs
  13 fungi
  9 plants
30 creatures vanquished.

Grand Total: 1391 creatures vanquished

Notes
Turn   | Place    | Note
--------------------------------------------------------------
     0 | D:1      | nikopol the Minotaur Berserker began the quest for the Orb.
     0 | D:1      | Reached XP level 1. HP: 19/19 MP: 0/0
   363 | D:1      | Reached XP level 2. HP: 23/27 MP: 1/1
   577 | D:1      | Reached XP level 3. HP: 10/33 MP: 2/2
   599 | D:1      | Reached ** piety under Trog
  1089 | D:2      | Reached skill level 4 in Polearms
  1336 | D:2      | Reached XP level 4. HP: 41/41 MP: 3/3
  1791 | D:3      | Reached *** piety under Trog
  2287 | D:3      | Found a sparkling altar of Nemelex Xobeh.
  2437 | D:4      | Reached XP level 5. HP: 44/47 MP: 4/4
  2503 | D:4      | Found a sparkling altar of Nemelex Xobeh.
  2526 | D:4      | Found Zook's Serpentskin Sales.
  2550 | D:4      | Noticed a slave
  2559 | D:4      | Killed a slave
  2561 | D:4      | Noticed Pikel
  2562 | D:4      | Noticed a slave
  2563 | D:4      | Noticed a slave
  2563 | D:4      | Noticed a slave
  2579 | D:4      | Killed Pikel
  2579 | D:4      | Reached skill level 5 in Fighting
  2579 | D:4      | Reached skill level 5 in Polearms
  2579 | D:4      | Reached skill level 5 in Armour
  2579 | D:4      | Reached skill level 5 in Dodging
  2579 | D:4      | Reached XP level 6. HP: 39/57 MP: 5/5
  2579 | D:4      | Reached XP level 7. HP: 43/62 MP: 6/6
  2581 | D:4      | Reached skill level 6 in Polearms
  2918 | D:4      | Found a deep blue altar of Sif Muna.
  2949 | D:5      | Entered Level 5 of the Dungeon
  3031 | D:5      | Reached XP level 8. HP: 29/71 MP: 7/7
  3065 | D:5      | Reached **** piety under Trog
  3069 | D:5      | Found a glowing drain.
  3086 | Sewer    | Entered a sewer
  3429 | Sewer    | Reached skill level 7 in Polearms
  3445 | Sewer    | Reached ***** piety under Trog
  3727 | D:5      | Gained mutation: You are partially covered in large bone plates (AC +2, SH +2). [potion of beneficial mutation]
  3728 | D:5      | Gained mutation: You are partially covered in iridescent scales (AC +4). [potion of beneficial mutation]
  4059 | D:5      | Received a gift from Trog
  4188 | D:6      | Reached skill level 8 in Polearms
  4261 | D:6      | Reached XP level 9. HP: 65/79 MP: 2/8
  4525 | D:6      | Found an oddly glowing altar of Pakellas.
  4777 | D:7      | Found a flagged portal.
  4780 | D:7      | Reached skill level 9 in Polearms
  4792 | Bailey   | Entered a bailey
  4853 | Bailey   | Found a burning altar of Makhleb.
  5061 | D:7      | Reached skill level 10 in Polearms
  5073 | D:7      | Found a staircase to the Ecumenical Temple.
  5301 | D:7      | Found an ancient bone altar of Kikubaaqudgha.
  5745 | D:8      | Reached XP level 10. HP: 81/91 MP: 3/9
  5869 | D:8      | Found Omumeg's Assorted Antiques.
  5871 | D:8      | Found a staircase to the Lair.
  6047 | D:8      | Received a gift from Trog
  6127 | D:8      | Reached skill level 1 in Bows
  6263 | D:4      | Bought a +2 ring mail of poison resistance for 180 gold pieces
  6382 | Lair:1   | Entered Level 1 of the Lair of Beasts
  6903 | Lair:1   | Noticed Grum
  6903 | Lair:1   | Reached skill level 11 in Polearms
  6911 | Lair:1   | Killed Grum
  6997 | Lair:1   | Noticed Sonja
  7001 | Lair:1   | Killed Sonja
  7759 | Lair:2   | Noticed a black mamba
  7773 | Lair:2   | Noticed a four-headed hydra
  7835 | Lair:2   | Killed a black mamba
  7835 | Lair:2   | Reached skill level 5 in Bows
  7835 | Lair:2   | Reached XP level 11. HP: 97/99 MP: 3/10
  7915 | Lair:2   | Killed a seven-headed hydra
  8184 | Lair:3   | Reached skill level 12 in Polearms
  8434 | Lair:3   | Received a gift from Trog
  8456 | Lair:3   | Reached skill level 10 in Fighting
  8464 | Lair:3   | Noticed an eight-headed hydra
  8575 | Lair:3   | Reached skill level 10 in Armour
  8596 | Lair:3   | Killed a 16-headed hydra
  9143 | Lair:3   | Noticed a five-headed hydra
  9247 | Lair:3   | Killed an eight-headed hydra
  9749 | Lair:4   | Noticed Harold
  9759 | Lair:4   | Killed Harold
 10257 | Lair:5   | Reached skill level 13 in Polearms
 10307 | Lair:5   | Found a labyrinth entrance.
 10316 | Lab      | Entered a labyrinth
 10371 | Lab      | Noticed a minotaur
 10380 | Lab      | Killed a minotaur
 10380 | Lab      | Reached XP level 12. HP: 107/107 MP: 3/11
 10382 | Lab      | Got a fine gossamer ring
 10402 | Lab      | Got a heavily runed bone ring
 10417 | Lab      | Got a faintly glowing scale mail
 10431 | Lair:5   | Identified the +1 scale mail of Intuition {Dex+5} (You found it in a labyrinth)
 10471 | Lair:5   | Identified the ring "Otisag" {+Fly MR++ MP+9 Dex-5 SInv} (You found it in a labyrinth)
 10473 | Lair:5   | Identified the ring "Siurag" {rC+ MP+9 Str+4 Dex-4 SInv} (You took it off a minotaur in a labyrinth)
 10653 | Lair:5   | Received a gift from Trog
 10918 | Lair:5   | Noticed a five-headed hydra
 10931 | Lair:5   | Reached skill level 10 in Dodging
 10933 | Lair:5   | Killed a seven-headed hydra
 10987 | Lair:5   | Noticed a six-headed hydra
 10994 | Lair:5   | Killed an eight-headed hydra
 11335 | Lair:6   | Reached ****** piety under Trog
 11344 | Lair:6   | Found a staircase to the Slime Pits.
 11594 | Lair:6   | Found a staircase to the Snake Pit.
 11703 | Lair:6   | Reached skill level 14 in Polearms
 11864 | Lair:6   | Found a staircase to the Shoals.
 12110 | Lair:6   | Received a gift from Trog
 12691 | Lair:6   | Reached XP level 13. HP: 110/116 MP: 4/12
 12832 | Lair:7   | Reached skill level 10 in Bows
 13589 | Lair:8   | Entered Level 8 of the Lair of Beasts
 13716 | Lair:8   | Identified a scroll of acquirement
 13717 | Lair:8   | Got a distressingly furry hat
 13728 | Lair:8   | Identified the +2 hat of Taer Bus {Dex+3 Stlth+} (You acquired it on level 8 of the Lair of Beasts)
 13983 | Lair:8   | Reached skill level 15 in Polearms
 14297 | Lair:8   | Received a gift from Trog
 14791 | Lair:8   | Reached XP level 14. HP: 127/127 MP: 13/13
 15283 | Lair:8   | Reached skill level 16 in Polearms
 15462 | Lair:8   | Found a burning altar of Makhleb.
 15471 | Lair:8   | Found a gateway to Hell.
 15991 | D:9      | Found a sacrificial altar of Ru.
 16007 | D:9      | Found a staircase to the Orcish Mines.
 16534 | D:9      | Received a gift from Trog
 16732 | D:9      | Found a snail-covered altar of Cheibriados.
 16733 | D:9      | Found a burning altar of Makhleb.
 16734 | D:9      | Found a glowing golden altar of the Shining One.
 16734 | D:9      | Found an iron altar of Okawaru.
 16735 | D:9      | Found a white marble altar of Elyvilon.
 16941 | D:10     | Entered Level 10 of the Dungeon
 16945 | D:10     | Noticed Maud
 16958 | D:10     | Killed Maud
 17038 | D:10     | Noticed Erolcha
 17046 | D:10     | Killed Erolcha
 17511 | D:10     | Received a gift from Trog
 17770 | D:10     | Noticed Gastronok
 17777 | D:10     | Killed Gastronok
 18065 | Orc:1    | Entered Level 1 of the Orcish Mines
 18367 | Orc:2    | Entered Level 2 of the Orcish Mines
 18388 | Orc:2    | Found a frozen archway.
 18423 | IceCv    | Entered an ice cave
 18812 | IceCv    | Noticed a frost giant
 18825 | IceCv    | Received a gift from Trog
 18836 | IceCv    | Killed a frost giant
 19408 | Orc:2    | Reached XP level 15. HP: 134/136 MP: 14/14
 19791 | Orc:2    | Found a staircase to the Elven Halls.
 19815 | Orc:2    | Reached skill level 17 in Polearms
 19941 | Orc:2    | Received a gift from Trog
 20406 | Orc:2    | Found Sizehuz's Antique Armour Shoppe.
 20406 | Orc:2    | Found Motiej's Book Shoppe.
 20408 | Orc:2    | Found Ickevedwe's Jewellery Emporium.
 20408 | Orc:2    | Found Xovuz's Book Shoppe.
 20433 | Orc:2    | Bought a pitted chain mail for 266 gold pieces
 20444 | Orc:2    | Identified the cursed +0 chain mail of Ru's Scorn {rPois rF+ rC++ Str-2} (You bought it in a shop on level 2 of the Orcish Mines)
 20944 | Orc:1    | Found a bloodstained altar of Trog.
 21245 | D:10     | You fall through a shaft for 3 floors!
 21490 | D:13     | Received a gift from Trog
 21548 | D:12     | Noticed junkhipster's ghost (journeyman GrFi)
 21572 | D:12     | Killed junkhipster's ghost
 21614 | D:12     | Noticed Azrael
 21620 | D:12     | Killed Azrael
 22108 | D:12     | Noticed Fannar
 22121 | D:12     | Killed Fannar
 22414 | D:11     | Received a gift from Trog
 22712 | D:11     | Received a gift from Trog
 23555 | D:12     | Noticed Kirke
 23576 | D:12     | Killed Kirke
 23675 | D:12     | Received a gift from Trog
 24334 | D:13     | Reached skill level 18 in Polearms
 24466 | D:13     | Received a gift from Trog
 24643 | D:13     | Received a gift from Trog
 24991 | D:14     | Noticed Snorg
 24997 | D:14     | Killed Snorg
 25179 | D:14     | Got a crude chain mail
 25180 | D:14     | Identified the cursed +0 chain mail "Gigroroi" {Int+4 SInv Stlth-} (You found it on level 14 of the Dungeon)
 25398 | D:14     | Reached XP level 16. HP: 146/146 MP: 15/15
 25461 | D:14     | Found a gate to the Vaults.
 25605 | D:15     | Entered Level 15 of the Dungeon
 25803 | D:15     | Received a gift from Trog
 25859 | D:15     | Found a blossoming altar of Fedhas.
 26481 | D:15     | Received a gift from Trog
 26672 | D:15     | Found a staircase to the Depths.
 27322 | Snake:1  | Entered Level 1 of the Snake Pit
 27636 | Snake:1  | Reached skill level 15 in Bows
 27675 | Snake:1  | Found Heitail's Assorted Antiques.
 27686 | Snake:1  | Bought a potion of heal wounds for 95 gold pieces
 27899 | Snake:1  | Identified the Disquisition on Heat and Darkness
 28967 | Snake:2  | Received a gift from Trog
 29007 | Snake:2  | Got a slimy scythe {freeze}
 29008 | Snake:2  | Identified the +0 scythe of Ham Kufaypn {freeze, rN++ Str+4 Int-3} (You took it off a naga ritualist on level 2 of the Snake Pit)
 29202 | Snake:2  | Reached skill level 19 in Polearms
 29209 | Snake:2  | Got a transparent platinum ring
 29279 | Snake:2  | Received a gift from Trog
 29861 | Snake:2  | Reached XP level 17. HP: 119/154 MP: 16/16
 30367 | Snake:2  | Reached skill level 15 in Fighting
 30529 | Snake:3  | Reached skill level 15 in Armour
 30647 | Snake:2  | Received a gift from Trog
 30883 | Snake:3  | Received a gift from Trog
 30959 | Snake:3  | Found a flickering gateway to a bazaar.
 30968 | Bazaar   | Entered a bazaar
 30977 | Bazaar   | Found Faeryphupih's Distillery.
 30985 | Bazaar   | Found Taruy's Magic Scroll Shoppe.
 30987 | Bazaar   | Found Juigho's General Store.
 30996 | Bazaar   | Found Toyrgh's Distillery.
 31001 | Bazaar   | Found Yhetuf's Magic Scroll Boutique.
 31010 | Bazaar   | Bought a scroll of brand weapon for 220 gold pieces
 31018 | Bazaar   | Bought a potion of heal wounds for 50 gold pieces
 31018 | Bazaar   | Bought a potion of heal wounds for 50 gold pieces
 31018 | Bazaar   | Bought a potion of heal wounds for 50 gold pieces
 31018 | Bazaar   | Bought a potion of heal wounds for 50 gold pieces
 31040 | Bazaar   | Bought a potion of might for 48 gold pieces
 31683 | Orc:2    | Bought an embroidered cloak for 126 gold pieces
 32491 | Snake:3  | Found a stormy altar of Qazlal.
 32609 | Snake:4  | Entered Level 4 of the Snake Pit
 32854 | Snake:4  | Received a gift from Trog
 33037 | Snake:4  | Reached skill level 20 in Polearms
 33506 | Snake:4  | Received a gift from Trog
 33968 | Snake:4  | Noticed Louise
 33970 | Snake:4  | Received a gift from Trog
 33970 | Snake:4  | Reached XP level 18. HP: 165/165 MP: 17/17
 33984 | Snake:4  | Killed Louise
 33994 | Snake:4  | Identified the ring of Ismifil {+Fly Dex+3} (You took it off a naga ritualist on level 2 of the Snake Pit)
 34649 | Snake:4  | Got a serpentine rune of Zot
 35181 | Elf:1    | Entered Level 1 of the Elven Halls
 35201 | Elf:1    | Received a gift from Trog
 36024 | Elf:1    | Received a gift from Trog
 36287 | Elf:1    | Found a deep blue altar of Sif Muna.
 36568 | Elf:1    | Reached skill level 21 in Polearms
 36899 | Elf:1    | Received a gift from Trog
 37263 | Elf:1    | Found Ejiyrairr's Food Shoppe.
 37383 | Elf:2    | Found a runed gate.
 37388 | Elf:2    | Found a runed gate.
 37389 | Elf:2    | Found a runed gate.
 37506 | Elf:2    | Found an ancient bone altar of Kikubaaqudgha.
 38094 | Elf:2    | Received a gift from Trog
 38094 | Elf:2    | Reached skill level 15 in Dodging
 38120 | Elf:2    | Reached XP level 19. HP: 173/173 MP: 18/18
 38381 | Elf:2    | Received a gift from Trog
 38645 | Elf:2    | Received a gift from Trog
 38799 | Elf:3    | Entered Level 3 of the Elven Halls
 39498 | Elf:3    | Noticed a Tzitzimitl
 39499 | Elf:3    | HP: 4/174 [bounced beam (30)]
 39499 | Elf:3    | HP: 1/174 [deep elf elementalist/dagger (4)]
 39499 | Elf:3    | Mangled by a cacodemon

Skill      XL: |  1  2  3  4  5  6  7  8  9 10 11 12 13 14 15 16 17 18 19 |
---------------+----------------------------------------------------------+-----
Fighting       | 4 5 6 7 9 10 11 12 13 14 15 16 | 16.5
Armour         | 3 5 7 8 9 10 11 12 13 14 15 16 | 16.5
Dodging        | 3 5 6 7 8 9 10 11 12 13 14 15 | 15.2
Polearms       | 4 5 6 8 10 11 13 14 15 16 18 19 20 21 | 21.4
Bows           | 5 7 9 11 13 14 15 16 17 18 | 18.2

Action                   |  1- 3 |  4- 6 |  7- 9 | 10-12 | 13-15 | 16-18 | 19-21 || total
-------------------------+-------+-------+-------+-------+-------+-------+-------++-------
Melee: Spear             |    58 |       |       |       |       |       |       ||    58
       Headbutt          |    15 |    13 |    45 |    51 |   136 |   116 |     7 ||   383
       Halberd           |    37 |    94 |   193 |       |   500 |   410 |       ||  1234
       Glaive            |       |       |   158 |   271 |   133 |       |       ||   562
       Trident           |       |       |     7 |       |       |       |       ||     7
       Bardiche          |       |       |       |       |    41 |   194 |    59 ||   294
 Fire: Shortbow          |       |       |       |   399 |   304 |       |       ||   703
       Longbow           |       |       |       |       |   483 |   870 |   103 ||  1456
Invok: Berserk           |     1 |       |       |     5 |     5 |     1 |       ||    12
       Burn Spellbooks   |       |     2 |     2 |     2 |     4 |     3 |       ||    13
       Trog's Hand       |       |       |       |       |       |     1 |       ||     1
       Brothers in Arms  |       |       |       |       |       |     1 |       ||     1
 Abil: Evoke Flight      |       |       |       |       |     2 |       |       ||     2
Evoke: Disc of storms    |       |       |       |       |       |       |     1 ||     1
  Use: Scroll            |       |       |    14 |     8 |    28 |     9 |     1 ||    60
       Potion            |       |       |     2 |       |       |     1 |       ||     3
 Stab: Sleeping          |     1 |       |       |       |       |       |       ||     1
       Petrifying        |       |       |       |       |       |     2 |       ||     2
       Petrified         |       |       |       |       |       |     1 |       ||     1
  Eat: Chunk             |     2 |     4 |    12 |    44 |    44 |    38 |    10 ||   154
       Fruit             |       |       |       |     1 |       |       |       ||     1
       Pizza             |       |       |       |     1 |       |       |       ||     1
       Royal jelly       |       |       |       |       |       |     1 |       ||     1
Armor: Leather armour    |     3 |       |       |       |       |       |       ||     3
       Ring mail         |    16 |    34 |   116 |   105 |       |       |       ||   271
       Plate armour      |       |       |       |   106 |   226 |       |       ||   332
       Chain mail        |       |       |       |       |   149 |   359 |    42 ||   550
Dodge: Dodged            |    38 |    31 |   262 |   231 |   350 |   466 |    46 ||  1424
Block: Other             |       |       |    12 |    20 |    39 |    33 |     9 ||   113
